 Dungeon Crawl Stone Soup version 0.22-a0-3-g4fa69d9a97 (webtiles) character file.

7475 Blobbbo the Carver (level 11, -4/95 HPs)
             Began as a Hill Orc Fighter on Dec 30, 2017.
             Was an Elder of Okawaru.
             Slain by a two-headed ogre
             ... wielding a +0 giant club
              (13 damage)
             ... on level 10 of the Dungeon on Jan 1, 2018.
             The game lasted 01:51:42 (12589 turns).

Blobbbo the Carver (Hill Orc Fighter)              Turns: 12589, Time: 01:51:49

Health: -4/95      AC: 12    Str: 25    XL:     11   Next: 15%
Magic:  0/13       EV: 16    Int:  8    God:    Okawaru [****..]
Gold:   577        SH: 14    Dex: 13    Spells: 10/10 levels left

rFire    + + .     SeeInvis .   A - +1 scimitar (slice)
rCold    . . .     Gourm    .   c - +1 shield
rNeg     . . .     Faith    .   w - +1 ring mail of the Hills {rF++ Regen+ Slay+2}
rPois    +         Spirit   +   C - +0 helmet
rElec    .         Reflect  .   (no cloak)
rCorr    .         Harm     .   b - +0 pair of gloves
MR       .....                  (no boots)
Stlth    ++........             D - amulet of guardian spirit
HPRegen  0.65/turn              H - ring of poison resistance
MPRegen  0.13/turn              s - +5 ring of strength

@: heroism
A: no striking features
a: Heroism, Renounce Religion


You were on level 10 of the Dungeon.
You worshipped Okawaru.
Okawaru was greatly pleased with you.
You were not hungry.

You visited 2 branches of the dungeon, and saw 12 of its levels.

You collected 632 gold pieces.
You spent 55 gold pieces at shops.

Inventory:

Hand Weapons
 j - a +3 morningstar
 A - a +1 scimitar of slicing (weapon)
 G - a +2 spear
Armour
 b - a +0 pair of gloves (worn)
 c - a +1 shield (worn)
 u - a +3 leather armour
 w - the +1 ring mail of the Hills (worn) {rF++ Regen+ Slay+2}
   (You took it off an orc priest on level 9 of the Dungeon)

   It affects your accuracy and damage with ranged weapons and melee attacks
   (+2).
   It greatly protects you from fire.
   It increases your rate of regeneration.
 C - a +0 helmet (worn)
Jewellery
 d - an uncursed ring of protection from fire
 h - an uncursed ring of stealth
 m - an uncursed ring of fire
 s - a +5 ring of strength (right hand)
 B - a +4 ring of dexterity
 D - an amulet of guardian spirit (around neck)
 H - a ring of poison resistance (left hand)
Wands
 p - a wand of flame (50)
 y - a wand of paralysis (11)
 E - a wand of enslavement (10)
Scrolls
 e - a scroll of amnesia
 g - 2 scrolls of remove curse
 i - a scroll of identify
 r - a scroll of enchant weapon {unknown}
 v - 4 scrolls of teleportation
 F - a scroll of fear {unknown}
 I - a scroll of acquirement {unknown}
Potions
 a - 3 potions of agility
 k - 3 potions of curing
 l - a potion of flight {unknown}
 o - 2 potions of magic {unknown}
 q - 2 potions of heal wounds
 t - 3 potions of cancellation {unknown}
 x - a potion of mutation {unknown}
 K - 3 potions of lignification {unknown}
Comestibles
 f - 12 rations


   Skills:
 + Level 8.8(13.8) Fighting
 + Level 10.3(15.3) Long Blades
 - Level 0.5(5.5) Maces & Flails
 + Level 5.1(10.1) Polearms
 + Level 8.4(13.4) Armour
 - Level 5.0(10.0) Dodging
 + Level 7.4(12.4) Shields
 - Level 3.1 Invocations


You had 10 spell levels left.
You didn't know any spells.

Dungeon Overview and Level Annotations

Branches:
Dungeon (11/15)            Temple (1/1) D:4             Orc (0/2) D:10
   Lair: D:8-11

Altars:
Ashenzari
Cheibriados
Dithmenos
Elyvilon
Fedhas
Gozag
Hepliaklqana
Kikubaaqudgha
Makhleb
Nemelex Xobeh
Okawaru
Qazlal
Ru
Sif Muna
Trog
Uskayaw
Vehumet
Wu Jian
Xom
Yredelemnul
Zin
The Shining One
Beogh

Shops:
D:4 [   D:7 !

Portals:
Trove: D:10 (give +5 fire dragon scales)

Annotations:
D:11 exclusion: obsidian statue


Message History

The two-headed ogre is heavily wounded.
The shadow misses you.
You riposte.
You hit the shadow.
The shadow is heavily damaged.
You completely miss the two-headed ogre.
The two-headed ogre is heavily wounded.
You block the two-headed ogre's attack. x2; The shadow hits you!
* * * LOW HITPOINT WARNING * * *
You hit the two-headed ogre but do no damage.
The two-headed ogre is heavily wounded.
You block the two-headed ogre's attack. The two-headed ogre barely misses you.
The shadow barely misses you.
You slash the two-headed ogre!
The two-headed ogre is severely wounded.
You slash the two-headed ogre!
The two-headed ogre is almost dead.
You block the shadow's attack.
The two-headed ogre hits you with a giant club!!
* * * LOW HITPOINT WARNING * * *
The two-headed ogre hits you with a giant club!
You die...

.### ##.#
##................ ##
##.# #######...#######
### ##..# #####
##.#####..## #.>......##
...####### ...##
######### ....##
##.W.....### ###..##
#######.@.#####..########
# ##..###.......O##
##.........
##.....##...#..##
###.###...
#....####..##..## ###
###. #####...##
##.####.## ## ........#
#.# ##.## ## ##......#
#.# #..## #. ###.....#
#.# ##..# ###. ###.....##
##.# #..# ###...


You could see a two-headed ogre and a shadow.

Vanquished Creatures
  A two-headed ogre (D:9)
  A centaur zombie (D:11)
  A gargoyle (D:9)
  A troll (D:11)
  A hornet (D:10)
  Sigmund (D:6)
  A wraith (D:11)
  Eustachio (D:6)
  Grum (D:8)
  Edmund (D:6)
  Duvessa (D:5)
  6 sky beasts
  A hornet zombie (D:8)
  3 orc warriors
  3 black bears
  4 ogres
  A phantom (D:5)
  4 wolves (D:8)
  3 centaurs
  Blork the orc (D:5)
  A big kobold (D:7)
  4 bullfrogs
  4 scorpions
  Dowan (D:5)
  5 killer bees (D:11)
  8 wights (D:9)
  2 bullfrog zombies
  4 crimson imps
  2 quasits
  2 jellies
  11 orc priests
  5 orc wizards
  3 centaur skeletons
  4 iguanas
  12 worker ants
  A killer bee zombie (D:6)
  2 hound skeletons
  4 gnolls (D:3)
  15 adders
  3 oozes
  An adder zombie (D:7)
  3 adder skeletons
  2 worms
  A dart slug (D:1)
  2 leopard geckos
  30 orcs
  2 giant cockroaches
  8 goblins
  5 hobgoblins
  4 jackals (D:1)
  4 quokkas
  2 ball pythons (D:3)
  8 bats
  3 frilled lizards
  14 kobolds
  A leopard gecko skeleton (D:5)
  8 rats
228 creatures vanquished.

Notes
Turn   | Place    | Note
-------+----------+-------------------------------------------
     0 | D:1      | Blobbbo the Hill Orc Fighter began the quest for the Orb.
     0 | D:1      | Reached XP level 1. HP: 19/19 MP: 1/1
    74 | D:1      | Upgraded the game from 0.21-a0-638-g11b2e07010 to 0.22-a0-3-g4fa69d9a97
   214 | D:1      | Reached XP level 2. HP: 24/27 MP: 2/2
   464 | D:1      | Reached skill level 3 in Long Blades
   557 | D:1      | Reached XP level 3. HP: 33/33 MP: 3/3
   903 | D:2      | Reached XP level 4. HP: 18/40 MP: 4/4
  1160 | D:2      | -
  1241 | D:2      | Reached skill level 4 in Long Blades
  1251 | D:2      | Found a white marble altar of Elyvilon.
  1856 | D:2      | Found a burning altar of Makhleb.
  1927 | D:3      | Found a faded altar of an unknown god.
  2032 | D:3      | Reached XP level 5. HP: 39/46 MP: 5/5
  2190 | D:3      | Reached skill level 5 in Long Blades
  2890 | D:3      | Found a sparkling altar of Nemelex Xobeh.
  3160 | D:4      | Reached XP level 6. HP: 45/52 MP: 6/6
  3307 | D:4      | Found Ulilaami's Armour Emporium.
  3419 | D:4      | Reached skill level 5 in Armour
  3659 | D:4      | Found a staircase to the Ecumenical Temple.
  3679 | Temple   | Entered the Ecumenical Temple
  3887 | Temple   | Became a worshipper of Warmaster Okawaru
  4138 | D:5      | Entered Level 5 of the Dungeon
  4138 | D:5      | Noticed a phantom
  4168 | D:5      | Killed a phantom
  4168 | D:5      | Reached skill level 1 in Dodging
  4168 | D:5      | Reached XP level 7. HP: 36/59 MP: 7/7
  4317 | D:5      | Reached skill level 6 in Long Blades
  4432 | D:5      | Noticed Blork the orc
  4446 | D:5      | Killed Blork the orc
  4446 | D:5      | Reached * piety under Okawaru
  4511 | D:5      | Found a blossoming altar of Fedhas.
  4892 | D:5      | Found a deep blue altar of Sif Muna.
  4972 | D:5      | Found an ancient bone altar of Kikubaaqudgha.
  5097 | D:5      | Noticed Dowan
  5125 | D:5      | Killed Dowan
  5125 | D:5      | Reached skill level 5 in Fighting
  5132 | D:5      | Noticed Duvessa
  5154 | D:5      | Killed Duvessa
  5154 | D:5      | Reached XP level 8. HP: 22/68 MP: 5/8
  5431 | D:6      | Noticed Sigmund
  5443 | D:6      | Killed Sigmund
  5632 | D:6      | Noticed Edmund
  5651 | D:6      | Killed Edmund
  5651 | D:6      | Reached skill level 7 in Long Blades
  5898 | D:6      | Noticed Eustachio
  5917 | D:6      | Killed Eustachio
  5950 | D:6      | Found a snail-covered altar of Cheibriados.
  5967 | D:6      | Found a burning altar of Makhleb.
  5982 | D:6      | Reached ** piety under Okawaru
  6328 | D:7      | Found Foixor's Distillery.
  6344 | D:7      | Bought a potion of heal wounds for 55 gold pieces
  6375 | D:7      | Reached XP level 9. HP: 58/75 MP: 9/9
  6596 | D:7      | Found a glowing silver altar of Zin.
  6599 | D:7      | Reached skill level 8 in Long Blades
  6606 | D:7      | Reached skill level 1 in Invocations
  6772 | D:7      | Found a bloodstained altar of Trog.
  7335 | D:7      | Reached skill level 5 in Shields
  8715 | D:8      | Noticed Grum
  8732 | D:8      | Killed Grum
  8732 | D:8      | Reached *** piety under Okawaru
  8732 | D:8      | Reached skill level 9 in Long Blades
  8758 | D:8      | Reached XP level 10. HP: 54/86 MP: 6/12
  9036 | D:8      | Reached skill level 1 in Polearms
  9863 | D:9      | Found an ornate altar of the Wu Jian Council.
 10112 | D:9      | Received a gift from Okawaru
 10171 | D:9      | Noticed a two-headed ogre
 10174 | D:9      | Killed a two-headed ogre
 10404 | D:9      | Noticed a gargoyle
 10411 | D:9      | Killed a gargoyle
 10411 | D:9      | Reached **** piety under Okawaru
 10416 | D:9      | Got a twisted ring mail
 10553 | D:9      | Identified the cursed +1 ring mail of the Hills {rF++ Regen+ Slay+2} (You took it off an orc priest on level 9 of the Dungeon)
 10891 | D:10     | Entered Level 10 of the Dungeon
 11148 | D:10     | Found a staircase to the Orcish Mines.
 11174 | D:10     | Found a roughly hewn altar of Beogh.
 11328 | D:10     | Reached skill level 5 in Dodging
 11348 | D:10     | Reached skill level 10 in Long Blades
 11372 | D:10     | Found a portal to a secret trove of treasure.
 11762 | D:10     | You fall through a shaft!
 11762 | D:11     | Found the +3 giant club "Skullcrusher" {speed, Str+7}
 11762 | D:11     | Noticed an obsidian statue
 11793 | D:11     | Noticed a two-headed ogre
 12260 | D:11     | Reached XP level 11. HP: 69/95 MP: 7/13
 12345 | D:11     | Reached skill level 5 in Polearms
 12561 | D:11     | Noticed a soul eater
 12589 | D:10     | Slain by a two-headed ogre

Vault maps used:
D:1:      dpeg_arrival_rooms_c
D:2:      minmay_wonky_spiral, lemuel_coloured_pillars_altar,
          palyth_stone_intersect, elyvilon_altar_5
D:3:      lemuel_doored_altar, chequers_ecumenical_altar_island
D:4:      minmay_temple_entry_butterflies, serial_shops, shop
D:5:      kennysheep_mini_moat, lemuel_crystal_altar, first_ration,
          fedhas_bush_and_centaur_altar, uniq_duvessa, uniq_blork_the_orc
D:6:      kennysheep_little_box, basic_altar, uniq_edmund, uniq_eustachio,
          uniq_sigmund
D:7:      bloody_trog, overflow_temple_1_default, serial_shops,
          nicolae_shop_crystal, minmay_holes
D:8:      roderic_lattice_a, uniq_grum
D:9:      kennysheep_mini
D:10:     minmay_orc_entry_temple_small, nicolae_trove_entry_diagonal
D:11:     minmay_wavy_crystal, david_lair_shrubbed, basic_altar,
          hangedman_little_slice_of_home, minmay_protected_statue
Temple:   dpeg_chambers_temple

Skill      XL: |  1  2  3  4  5  6  7  8  9 10 11 |
---------------+----------------------------------+-----
Long Blades    | 3 4 5 6 7 9 10 | 10.3
Armour         | 4 5 6 7 8 |  8.4
Fighting       | 4 5 6 7 8 |  8.8
Dodging        | 1 2 3 4 5 |  5.0
Shields        | 4 5 7 |  7.4
Invocations    | 3 |  3.1
Polearms       | 4 5 |  5.1
Maces & Flails | |  0.5

Action                   |  1- 3 |  4- 6 |  7- 9 | 10-12 || total
-------------------------+-------+-------+-------+-------++-------
Melee: Long sword        |    67 |   265 |   337 |       ||   669
       Scimitar          |       |       |   132 |   237 ||   369
Invok: Heroism           |       |       |     9 |     8 ||    17
  Use: Scroll            |       |    10 |     2 |    12 ||    24
       Potion            |       |       |     2 |     2 ||     4
 Stab: Sleeping          |       |       |       |     4 ||     4
       Distracted        |       |       |       |     1 ||     1
  Eat: Chunk             |       |     7 |     9 |    12 ||    28
       Ration            |       |     1 |     2 |       ||     3
Armor: Scale mail        |    30 |   130 |       |       ||   160
       Plate armour      |       |     7 |   118 |       ||   125
       Leather armour    |       |       |    54 |    18 ||    72
       Ring mail         |       |       |       |    42 ||    42
Dodge: Dodged            |    26 |    70 |   122 |   122 ||   340
Block: Shield            |    42 |   150 |   226 |   170 ||   588
       Rpst.: Long sword |     5 |    23 |    25 |       ||    53
       Scimitar          |       |       |    15 |    37 ||    52

Table legend:
 A = Spawn XP
 B = Non-spawn XP
 C = Spawn XP percentage of total XP
 D = Spawn monster count
 E = Non-spawn monster count
 F = Spawn count percentage of total count
 G = Total turns spent on level
                    A         B        C        D         E        F      G
               +---------+---------+-------+---------+---------+-------+---------
         Total |       0 |   10679 |   0.0 |       0 |     228 |   0.0 | 12589
               +---------+---------+-------+---------+---------+-------+---------
           D:1 |       0 |      49 |   0.0 |       0 |      25 |   0.0 |   888
           D:2 |       0 |      90 |   0.0 |       0 |      19 |   0.0 |  1083
           D:3 |       0 |     171 |   0.0 |       0 |      23 |   0.0 |  1174
           D:4 |       0 |     192 |   0.0 |       0 |      12 |   0.0 |   757
           D:5 |       0 |     829 |   0.0 |       0 |      18 |   0.0 |  1293
           D:6 |       0 |     811 |   0.0 |       0 |       7 |   0.0 |   859
           D:7 |       0 |    1360 |   0.0 |       0 |      30 |   0.0 |  1664
           D:8 |       0 |    1549 |   0.0 |       0 |      23 |   0.0 |  1602
           D:9 |       0 |    2812 |   0.0 |       0 |      34 |   0.0 |  1335
          D:10 |       0 |    1043 |   0.0 |       0 |      20 |   0.0 |  1395
          D:11 |       0 |    1773 |   0.0 |       0 |      17 |   0.0 |   303
               +---------+---------+-------+---------+---------+-------+---------
